AoeStats
← Alexeug

Arabia

508288127Analyzed
1v1 RM · 12d ago on Sep 21, 2026· 44m 16s· 2 players
Game mode
Random Map
Map size
Tiny (2 player)
Population
200
Speed
Normal
Resources
Standard
Victory
Conquest
Starting age
Dark Age
Ending age
Imperial Age
RankedLock teamsTeams togetherTeam positionsShared explorationLock speedFull tech treeHidden civsTurbo modeCheats
Victory
Defeat
🇳🇱 Bengalis · Netherlands
664
+18
🇫🇷 Burgundians · France
702
-18
a.Duck <3
7:42 Loom
11:00 Feudal Age
17:06 Castle Age
14:51 Horse Collar
14:58 Double-Bit Axe
16:44 Fletching
16:55 Padded Archer Armor
18:11 Bow Saw
21:04 Heavy Plow
28:22 Bodkin Arrow
33:18 Bloodlines
33:09 Husbandry
33:37 Murder Holes
35:17 Forging
36:57 Ballistics
36:18 Light Cavalry
36:24 Light Cavalry
37:12 Gold Mining
38:35 Wheelbarrow
38:59 Gold Shaft Mining
39:51 Paiks
40:23 Stone Mining
42:23 Leather Archer Armor
42:45 Iron Casting
45:35 Imperial Age
Alexeug
7:17 Loom
11:55 Feudal Age
10:39 Double-Bit Axe
10:37 Horse Collar
16:39 Castle Age
15:08 Bow Saw
14:54 Gold Mining
16:28 Heavy Plow
17:01 Cavalier
21:38 Scale Barding Armor
29:32 Two-Man Saw
29:06 Crop Rotation
29:14 Gold Shaft Mining
28:32 Stone Mining
29:45 Chain Barding Armor
28:49 Elite Skirmisher
38:02 Stone Shaft Mining
Connection lost

Rejoining the realm…

Still unreachable

The connection could not be restored.

Session expired

The server has moved on; the page needs a fresh start.